 Dungeon Crawl Stone Soup version 0.18-a0-1523-gbe15c29 (webtiles) character file.

2349 MenacingMecha the Archer (level 9, 0/71 HPs)
             Began as a Centaur Hunter on Mar 7, 2016.
             Was a Believer of Okawaru.
             Slain by a wight
             ... wielding a +2 great sword of freezing
              (1 damage)
             ... on level 7 of the Dungeon.
             The game lasted 00:36:19 (8901 turns).

MenacingMecha the Archer (Centaur Hunter)           Turns: 8901, Time: 00:36:20

Health: 0/71       AC: 15    Str: 16    XL:     9   Next: 20%
Magic:  7/9        EV:  7    Int: 10    God:    Okawaru [**....]
Gold:   374        SH:  0    Dex: 12    Spells: 0 memorised, 8 levels left

rFire  . . .     SeeInvis .     z - +2 falchion (flame)
rCold  . . .     Gourm    .     D - +0 scale mail (curse)
rNeg   . . .     Faith    .     (no shield)
rPois  .         Spirit   .     F - +0 helmet
rElec  .         Dismiss  .     x - +0 cloak
rCorr  .         Reflect  .     (no gloves)
SustAt .         Harm     .     k - +0 centaur barding
MR     .....                    (no amulet)
Stlth  ..........               (no ring)
                                (no ring)

@: heroism, heavily drained, very quick, not resistant to hostile enchantments,
extremely unstealthy
A: hooves 3, deformed body, speed 2, tough skin 3
a: Heroism, Renounce Religion


You were on level 7 of the Dungeon.
You worshipped Okawaru.
Okawaru was pleased with you.
You were hungry.

You visited 2 branches of the dungeon, and saw 8 of its levels.

You collected 374 gold pieces.

Inventory:

Hand Weapons
 a - a +1 shortbow
 b - a +0 dagger of venom
 z - a +2 falchion of flaming (weapon)
Missiles
 d - 120 arrows
Armour
 k - a +0 centaur barding (worn)
 x - a +0 cloak (worn)
 D - a cursed +0 scale mail (worn)
 F - a +0 helmet (worn)
Jewellery
 A - an uncursed ring of magical power {unknown}
 J - an uncursed amulet of faith {unknown}
Scrolls
 c - 5 scrolls of identify {unknown}
 i - 4 scrolls of enchant armour {unknown}
 j - a scroll of amnesia {unknown}
 l - 4 scrolls of teleportation {unknown}
 o - 4 scrolls of remove curse {unknown}
 q - 4 scrolls of magic mapping {unknown}
 s - 3 scrolls of immolation {unknown}
 t - a scroll of fog {unknown}
 v - a scroll of noise {unknown}
 y - a scroll of random uselessness {unknown}
 C - a scroll of recharging {unknown}
Potions
 e - a potion of invisibility {unknown}
 m - 2 potions of flight {unknown}
 n - a potion of ambrosia {unknown}
 p - 2 potions of lignification {unknown}
 u - 2 potions of degeneration {unknown}
 w - a potion of agility {unknown}
 B - 2 potions of mutation {unknown}
 G - a potion of haste {unknown}
 H - 2 potions of curing {unknown}
 I - a potion of heal wounds
Comestibles
 f - 5 bread rations
 g - 5 meat rations
 h - 3 fruits
 r - 3 beef jerkies


   Skills:
 + Level 3.9(7.1) Fighting
 + Level 2.6(5.8) Long Blades
 - Level 14.3(17.0) Bows
 + Level 2.2(5.5) Armour
 - Level 1.3(4.6) Dodging
 - Level 0.5(3.8) Stealth


You had 8 spell levels left.
You didn't know any spells.

Dungeon Overview and Level Annotations

Branches:
Dungeon (7/15)             Temple (1/1) D:4

Altars:
Ashenzari
Dithmenos
Elyvilon
Fedhas
Gozag
Kikubaaqudgha
Makhleb
Nemelex Xobeh
Okawaru
Pakellas
Qazlal
Ru
Sif Muna
Trog
Xom
Yredelemnul
The Shining One

Shops:
D:6 :


Innate Abilities, Weirdness & Mutations

You have hooves in place of feet.
Armour fits poorly on your strangely shaped body.
You cover ground very quickly.
You have extremely tough skin (AC +3).


Message History

You gain the combat prowess of a mighty hero.
You feel slightly more hungry.
The wight hits you from afar with an enchanted halberd!
You feel drained. The wight completely misses you.
You hit the wight. You burn the wight. You kick the wight, but do no damage.
The wight is heavily damaged.
The wight hits you but does no damage.
You hit the wight but do no damage.
The wight is heavily damaged.
The wight hits you with a great sword of freezing!
You feel drained. The wight freezes you.
* * * LOW HITPOINT WARNING * * *
You hit the wight but do no damage. You kick the wight.
The wight is heavily damaged.
The wight hits you from afar with an enchanted halberd!
* * * LOW HITPOINT WARNING * * *
The wight hits you with a great sword of freezing!
* * * LOW HITPOINT WARNING * * *
You feel drained.
You die...

##############
#............#
#...........>+
#............#
#....(.......#
#..(.((@.))..#
##....z#####.# #####z
#.# #. #.#### #. #.##..
#. #.##.#
##########.##.#
##...#...##.##.####.##
###.........##..........


You could see 2 wights.

Vanquished Creatures
  Eustachio (D:5)
  A hungry ghost (D:7)
  An orc warrior (D:6)
  2 ice beasts
  3 ogres
  A phantom (D:7)
  A centaur (D:5)
  The ghost of MenacingMecha the Conjurer, an amateur TeCj of Vehumet (D:4)
  2 giant frogs
  3 scorpions
  2 wights (D:7)
  4 howler monkeys
  A crimson imp (D:6)
  3 hounds
  3 jellies
  A giant frog zombie (D:5)
  5 orc priests (D:6)
  A centaur skeleton (D:4)
  2 orc wizards
  2 iguanas (D:7)
  3 worker ants
  A hound zombie (D:5)
  8 adders
  A worker ant zombie (D:6)
  A gnoll (D:3)
  3 oozes
  4 worms
  A dart slug (D:2)
  5 giant geckos
  17 orcs
  2 ball pythons
  7 bats
  2 giant cockroaches
  10 hobgoblins
  A quokka (D:5)
  2 giant newts
  12 goblins
  7 kobolds
  5 rats
132 creatures vanquished.

Vanquished Creatures (others)
  4 toadstools (D:1)
4 creatures vanquished.

Grand Total: 136 creatures vanquished

Notes
Turn   | Place    | Note
--------------------------------------------------------------
     0 | D:1      | MenacingMecha the Centaur Hunter began the quest for the Orb.
     0 | D:1      | Reached XP level 1. HP: 17/17 MP: 1/1
   340 | D:1      | Reached skill level 6 in Bows
   340 | D:1      | Reached XP level 2. HP: 24/24 MP: 2/2
  1243 | D:2      | Reached XP level 3. HP: 27/29 MP: 3/3
  1270 | D:2      | Found a sacrificial altar of Ru.
  1369 | D:2      | Found a shimmering altar of Xom.
  1391 | D:2      | Reached skill level 7 in Bows
  1491 | D:2      | Reached XP level 4. HP: 24/36 MP: 4/4
  2541 | D:3      | Reached skill level 8 in Bows
  3048 | D:3      | Reached XP level 5. HP: 38/41 MP: 5/5
  3412 | D:4      | Found a shadowy altar of Dithmenos.
  3464 | D:4      | Found a staircase to the Ecumenical Temple.
  3535 | Temple   | Entered the Ecumenical Temple
  3746 | D:4      | Noticed an ogre
  3762 | D:4      | Killed an ogre
  3762 | D:4      | Reached skill level 9 in Bows
  3973 | D:4      | Reached XP level 6. HP: 45/48 MP: 6/6
  4008 | D:4      | Noticed MenacingMecha's ghost (amateur TeCj)
  4014 | D:4      | Killed MenacingMecha's ghost
  4014 | D:4      | Reached skill level 10 in Bows
  4080 | D:4      | Found a shattered altar of Ashenzari.
  4424 | D:4      | Found an oddly glowing altar of Pakellas.
  4605 | D:4      | Found a white marble altar of Elyvilon.
  4934 | D:5      | Entered Level 5 of the Dungeon
  4991 | D:5      | Reached skill level 11 in Bows
  4991 | D:5      | Reached XP level 7. HP: 33/55 MP: 7/7
  5361 | D:5      | Found an iron altar of Okawaru.
  5364 | D:5      | Noticed Eustachio
  5396 | D:5      | Killed Eustachio
  5396 | D:5      | Reached skill level 12 in Bows
  5486 | D:5      | Became a worshipper of Warmaster Okawaru
  5701 | D:5      | Found a stormy altar of Qazlal.
  5733 | D:5      | Found an oddly glowing altar of Pakellas.
  6345 | D:5      | Reached XP level 8. HP: 21/61 MP: 8/8
  6348 | D:5      | Reached skill level 13 in Bows
  6941 | D:6      | Reached * piety under Okawaru
  6945 | D:6      | Reached skill level 14 in Bows
  7261 | D:6      | Found Dosug's Book Emporium.
  7722 | D:6      | Reached skill level 1 in Long Blades
  7736 | D:6      | Reached skill level 1 in Armour
  7854 | D:7      | Reached ** piety under Okawaru
  7919 | D:7      | Reached XP level 9. HP: 34/70 MP: 9/9
  8150 | D:7      | Found a white marble altar of Elyvilon.
  8802 | D:7      | Found a deep blue altar of Sif Muna.
  8901 | D:7      | HP: 1/71 [wight/great sword of freezing (8)]
  8901 | D:7      | Slain by a wight

Vault maps used:
D:1:      ldierk_walled_garden_2, st_stairs_13, kennysheep_crisscross
D:2:      nicolae_ru_sacrificial_ziggurat, nicolae_overflow_crystal_walls
D:4:      lemuel_doored_altar, evilmike_ruin_ashenzari,
          lemuel_coloured_pillars_altar, temple_statues, first_bread,
          st_stairs_5, elyvilon_altar_3
D:5:      grunt_qazlal_clouds, okawaru_metal_pillars_1_2, minivault_11,
          grunt_pakellas_sulfur, uniq_eustachio
D:6:      serial_shops, kennysheep_little_box
D:7:      marbit_many_paths, overflow_temple_1_default, uniq_crazy_yiuf_cottage
Temple:   minmay_temple_curvy_8

Skill      XL: |  1  2  3  4  5  6  7  8  9 |
---------------+----------------------------+-----
Bows           | 6 7 8 9 11 12 14 | 14.3
Long Blades    | 2 |  2.6
Armour         | 1 2 |  2.2
Fighting       | 3 |  3.9
Dodging        | |  1.3
Stealth        | |  0.5

Action                   |  1- 3 |  4- 6 |  7- 9 || total
-------------------------+-------+-------+-------++-------
Melee: Short sword       |    13 |       |       ||    13
       Mace              |    55 |    57 |       ||   112
       Dagger            |       |    84 |   154 ||   238
       Falchion          |       |     4 |    85 ||    89
 Fire: Shortbow          |    34 |    71 |   156 ||   261
Invok: Heroism           |       |       |     1 ||     1
  Use: Potion            |       |     2 |       ||     2
  Eat: Chunk             |     1 |     9 |    12 ||    22
